[Event "Early-Titled-Tuesday-Blitz-January-23-2024"]
[Site "Chess.com"]
[Date "2024.01.23"]
[Round "11"]
[White "mac0504"]
[Black "AlexOstrovskiy"]
[Result "0-1"]
[WhiteElo "2609"]
[BlackElo "2789"]
[TimeControl "180+1"]
[EndTime "10:09:12 PST"]
[Termination "AlexOstrovskiy won by resignation"]

1. c4 b6 2. Nc3 Bb7 3. e4 e6 4. d4 Bb4 5. Bd3 f5 6. Bd2 Bxc3 7. Bxc3 fxe4 8. Bc2 Nf6 9. Ne2 O-O 10. O-O d5 11. Ng3 Nc6 12. Qd2 Ne7 13. Rae1 Qd7 14. Bb4 Rae8 15.
b3 a5 16. Ba3 Rf7 17. f3 exf3 18.
gxf3 Nc6 19. Bb2 Ba6 20. Bd3 Nb4 21. Be2 Bb7 22. Bc3 Nc6 23. Kh1 Rd8 24. Rg1 Ne7 25.
c5 Bc6 26. cxb6 cxb6 27. Nf1 Bb5 28. Bd1 Nh5 29. Ne3 Ng6 30. Ng4 Nhf4 31. Bc2 Rdf8 32.
Rg3 Qc7 33. Reg1 Rc8 34. Bxg6 Nxg6 35. Bb2 Qf4 36. Qg2 Nh4 37. Qh3 Ng6 38. Ne5 Nxe5 39. dxe5 Be2 40. Qxe6 Bxf3+ 41. Rxf3 Qxf3+ 42. Rg2 Qf1+ 43. Rg1 Qf5 44. Qxf5 Rxf5 45. e6 Rc7 46. Rd1 Kf8 47. Bd4 Rb7 48. Kg2 Ke7 49. Bxg7 Kxe6 50. Bd4 Rf4 51.
Re1+ Re4 52. Rd1 Kd6 53. Bf2 Rg7+ 54. Bg3+ Kc6 55. Rc1+ Kb5 56. a3 a4 57. bxa4+ Kxa4 58. Rc6 Rg6 59. Rc3 Rc4 60. Rd3 d4 61. Kf3 Re6 62.
Kf4 Re3 63. Rd1 Kxa3 64. Bf2 Rb3 65. Ke5 d3 66. Bd4 Rxd4 67. Kxd4 b5 68. h4 b4 69. h5 Rc3 70. h6 Kb2 71. Rg1 d2 72.
Rd1 Kc2 73. Ra1 d1=Q+ 74. Rxd1 Kxd1 75. Ke5 Rc7 76. Kf6 Ra7 0-1

[Event "Early-Titled-Tuesday-Blitz-January-23-2024"]
[Site "Chess.com"]
[Date "2024.01.23"]
[Round "11"]
[White "wanyaland"]
[Black "malakismayil"]
[Result "0-1"]
[WhiteElo "2470"]
[BlackElo "2564"]
[TimeControl "180+1"]
[EndTime "10:09:14 PST"]
[Termination "malakismayil won by checkmate"]

1. d4 Nf6 2. c4 e6 3. g3 d5 4. Bg2 Be7 5. Nf3 O-O 6. O-O dxc4 7.
Qc2 a6 8. a4 Nc6 9. Qxc4 Qd5 10. Qc2 Nxd4 11. Nxd4 Qxd4 12. Qxc7 Bd6 13. Qc2 e5 14.
Nc3 Be6 15. Bxb7 Rab8 16. Bxa6 Bh3 17. Rd1 Qb6 18. Bd3 Bc5 19. e3 Bg4 20. Be2 h5 21.
Bxg4 Nxg4 22. Qf5 g6 23. Qg5 Qb7 24. h3 Be7 25. hxg4 Bxg5 26. gxh5 gxh5 27. e4 Bxc1 28. Raxc1 Rfd8 29. Nd5 Rbc8 30. Rxc8 Rxc8 31. b4 Rc4 32. a5 Rxe4 33. Nf6+ Kg7 34. Nxe4 Qxe4 35. a6 Qxb4 36. a7 Qa4 37. Rd7 Kf6 38. Rb7 Ke6 39. Kh2 Qa2 40. Kg1 f5 41. Rh7 Kd5 42. Rxh5 Qxa7 43. Rxf5 Ke4 44. Rf8 Qa3 45. Rf7 Qb3 46. Rf8 Qb1+ 47. Kg2 Kd3 48. Rf3+ Kd4 49. Re3 e4 50. Ra3 Qb4 51.
Re3 Qf8 52. Rb3 Qf7 53. Re3 Qf6 54. Rb3 Kc4 55. Re3 Qe6 56. f3 exf3+ 57. Rxf3 Qe2+ 58. Rf2 Qe4+ 59. Kh2 Qh7+ 60. Kg2 Kd3 61. Rf4 Ke3 62. Kg1 Qb1+ 63. Kg2 Qc2+ 64. Kh3 Qh7+ 65. Rh4 Qf5+ 66. Kg2 Qf3+ 67. Kh2 Qe2+ 68. Kh3 Kf2 69. Rf4+ Kg1 70.
g4 Qh2# 0-1

[Event "Early-Titled-Tuesday-Blitz-January-23-2024"]
[Site "Chess.com"]
[Date "2024.01.23"]
[Round "11"]
[White "Durarbayli"]
[Black "Dinosaurio_1975"]
[Result "1-0"]
[WhiteElo "2876"]
[BlackElo "2668"]
[TimeControl "180+1"]
[EndTime "10:09:17 PST"]
[Termination "Durarbayli won by resignation"]

1. c4 e6 2. e4 d5 3. exd5 exd5 4. d4 Nf6 5. Nc3 Bd6 6. c5 Be7 7. Bd3 O-O 8. Nge2 b6 9. cxb6 axb6 10. O-O c5 11. Bf4 Nc6 12. Nb5 Ba6 13. a4 Qd7 14. dxc5 bxc5 15. Ng3 g6 16. Re1 Rfe8 17. Bg5 c4 18.
Bf1 Bxb5 19. axb5 Rxa1 20. Qxa1 Nd4 21. Qa6 Ne6 22. Bxf6 Bxf6 23. b6 Rb8 24. Rd1 Qc6 25. Qa7 Be5 26. Ne2 Bd6 27. Nc3 Ra8 28. Rxd5 Rxa7 29. bxa7 Nc7 30. Ra5 Bc5 31. Ra4 Bb6 32. Bxc4 Qb7 33. Bd5 Qxa7 34. Rxa7 Bxa7 35. Bc6 Kf8 36.
Na4 Ke7 37. Kf1 Kd6 38. Be4 Ke5 39. Bd3 Kd4 40. Ke2 Nd5 41. g3 Nb4 42. Bb5 Ke5 43.
Be8 Bd4 44. Bxf7 Kf6 45. Bg8 h5 46. b3 Nc6 47. Bc4 Nb4 48. h3 Ke5 49. Bd3 g5 50.
Bg6 h4 51. gxh4 gxh4 52. Kf3 Kf6 53. Bh7 Kg5 54. Bg8 Ba7 55. Bc4 Bd4 56. Kg2 Nc2 57. Kf3 Nb4 58. Ke2 Nc2 59. Kd3 Bxf2 60. Kxc2 Kf4 61.
Be6 Kg3 62. Bg4 Be3 63. Nb2 Kf4 64. Nd3+ Ke4 65. Kc3 Kd5 66. Nb4+ Kc5 67. Nc2 Bf2 68. Kd3 Kd5 69. Bf3+ Ke5 70. b4 Bg1 71. Bg4 Bf2 72. Kc4 Bg1 73. b5 Kd6 74. Nb4 Bb6 75. Nd3 Be3 76. Bf3 Bg1 77. Bc6 Be3 78. Ne1 Bb6 79. Ng2 Ke5 80. Kd3 Kf5 81. Nxh4+ Kf4 82. Ng2+ Kg3 83.
h4 Kg4 84. Kc4 Kh5 85. Bf3+ Kg6 86. h5+ Kh6 87. Kd5 Bf2 88. Kc6 1-0

[Event "Early-Titled-Tuesday-Blitz-January-23-2024"]
[Site "Chess.com"]
[Date "2024.01.23"]
[Round "11"]
[White "TigrVShlyape"]
[Black "wonderfultime"]
[Result "0-1"]
[WhiteElo "2946"]
[BlackElo "3051"]
[TimeControl "180+1"]
[EndTime "10:09:20 PST"]
[Termination "wonderfultime won by resignation"]

1. e4 e5 2. Nf3 Nc6 3. Bb5 a6 4. Ba4 Bc5 5. O-O Nge7 6. c3 Ng6 7. d4 Ba7 8. Bg5 f6 9. Be3 O-O 10. d5 Nce7 11. Bxa7 Rxa7 12. d6 cxd6 13. Qxd6 b5 14. Bb3+ Kh8 15. a4 Rb7 16. a5 Rc7 17. Rd1 Bb7 18.
Nbd2 Nf4 19. g3 Rc6 20. Qa3 Nd3 21. Nf1 Nc5 22. Bc2 Rc8 23. Re1 d5 24. Rad1 Qc7 25. exd5 Nxd5 26. Nh4 Ne6 27. Be4 Rfd8 28. Bg2 Ng5 29. Qa2 Ne7 30. Ne3 Bxg2 31. Kxg2 Qb7+ 32. f3 g6 33. Qb1 Kg7 34. Rxd8 Rxd8 35. Rd1 Rd7 36.
Rxd7 Qxd7 37. Qd1 Qxd1 38. Nxd1 Ne6 39. Kf2 Nc7 40. Ng2 f5 41. Nge3 Kf6 42. Ke2 Nc6 43. b4 Ke6 44. Kd3 Ne8 45. Nf2 Nd6 46. Nc2 Ne7 47. Ne3 Nd5 48. Nfd1 e4+ 49. fxe4 Nxe4 50. Nxd5 Kxd5 51. Ne3+ Kc6 52. c4 bxc4+ 53. Kxc4 Nd2+ 54. Kc3 Nf3 55. h4 f4 56. gxf4 Nxh4 57. Kc4 Nf5 58. Ng4 Nd6+ 59. Kc3 Kb5 60. Ne5 Ne4+ 61. Kb3 Nf6 62.
Nc4 h5 63. Nd2 h4 64. Nf3 h3 65. Kc3 Nd5+ 66. Kd4 Nxf4 67. Ke4 Ne6 68. Kd5 Ng5 69. Nh2 Kxb4 70. Ke5 Kxa5 71. Kf6 Ne4+ 72. Kxg6 Kb4 73. Kf5 Nc3 74. Kg4 a5 75. Nf3 Ne4 76. Kxh3 Kc3 77. Ng1 a4 78. Ne2+ Kb2 79. Nd4 a3 0-1

[Event "Early-Titled-Tuesday-Blitz-January-23-2024"]
[Site "Chess.com"]
[Date "2024.01.23"]
[Round "11"]
[White "DvaHrasta"]
[Black "monomita"]
[Result "1/2-1/2"]
[WhiteElo "2481"]
[BlackElo "2824"]
[TimeControl "180+1"]
[EndTime "10:09:22 PST"]
[Termination "Game drawn by repetition"]

1. c4 e5 2. g3 Nf6 3. Bg2 c6 4.
d4 e4 5. d5 cxd5 6. cxd5 Bb4+ 7.
Bd2 Qa5 8. Nc3 O-O 9. a3 Bxc3 10. Bxc3 Qb6 11. d6 e3 12. f4 Ng4 13. Nh3 Nf2 14.
Nxf2 exf2+ 15. Kf1 Nc6 16. a4 a5 17. Ra3 Qc5 18. Rb3 b6 19. Rb5 Qe3 20. Qd2 Qxd2 21. Bxd2 Rb8 22. Kxf2 Ba6 23. Rd5 Rfe8 24. e4 Bc4 25. Rh5 g6 26. Rh4 Nd4 27. Bc3 Ne6 28.
f5 Nc5 29. fxg6 fxg6 30. Rf4 Nd3+ 31. Ke3 Nxf4 32. gxf4 Ba6 33. Bh3 Bb7 34. Bg2 Rbc8 35. Rd1 Rc4 36. Rd4 Rxd4 37. Bxd4 Bc6 38. b3 b5 39. axb5 Bxb5 40. e5 Rc8 41. Bd5+ Kf8 42. Bb6 a4 43. bxa4 Bxa4 44. Bc7 Bc2 45. e6 dxe6 46.
Bxe6 Re8 47. Kd2 Rxe6 48. d7 Ba4 49. d8=Q+ Kf7 50. Qd5 Bc6 51. Qc4 Be4 52. Be5 Bf5 53. Qc7+ Re7 54. Qd6 Rd7 55. Qxd7+ Bxd7 56. Ke3 Ke6 57.
Bb8 Kf5 58. Kf2 Kg4 59. Kg1 Kh3 60. Bc7 Bf5 61. Bb8 h5 62. Bc7 h4 63. Bb8 Kg4 64. Bc7 h3 65. Bb8 Kf3 66. Bc7 Be6 67. Bb8 Bf5 68.
Bc7 g5 69. fxg5 Kg4 70. Bd8 Kf3 71. Be7 Bg6 72. Bf6 Bf5 73. Be7 Bg6 74. Bf6 Bf5 75. Be7 1/2-1/2

[Event "Early-Titled-Tuesday-Blitz-January-23-2024"]
[Site "Chess.com"]
[Date "2024.01.23"]
[Round "11"]
[White "KVAIDAN"]
[Black "Actuary44"]
[Result "1/2-1/2"]
[WhiteElo "2363"]
[BlackElo "2485"]
[TimeControl "180+1"]
[EndTime "10:09:46 PST"]
[Termination "Game drawn by repetition"]

1. f4 b6 2. Nf3 Bb7 3. d3 e6 4. e4 Nf6 5. Be2 d5 6. O-O c5 7. e5 Nfd7 8. Nc3 Nc6 9. Qe1 Qc7 10. Qg3 a6 11. a4 h6 12. Nd1 O-O-O 13. c3 f5 14. Qg6 Ne7 15. Qxe6 d4 16. cxd4 cxd4 17. a5 Bd5 18. axb6 Qc5 19. b7+ Bxb7 20. Qa2 g5 21. b4 Qb6 22. Bb2 Nc6 23. e6 Nf6 24.
Qc4 g4 25. Nxd4 Rxd4 26. Bxd4 Qxd4+ 27. Qxd4 Nxd4 28. Nc3 Bxb4 29. Rfc1 Kd8 30. Bf1 Nxe6 31. d4 Ke7 32. Bxa6 Ra8 33. Bxb7 Rxa1 34. Rxa1 Bxc3 35.
Ra6 Bxd4+ 36. Kf1 Nxf4 37. g3 Nd3 38. Bc8 f4 39. Ke2 Nb4 40. Re6+ Kf7 41. gxf4 Nbd5 42. Rd6 Nxf4+ 43. Kf1 Be5 44. Ra6 N4d5 45. Be6+ Ke7 46. Bxd5 Nxd5 47. Rxh6 Nf6 48. Ke2 Ke6 49. Ke3 Kf5 50.
Kd3 Bf4 51. Rh8 Nd5 52. Rh5+ Bg5 53. Kd4 Nf4 54. Rh8 Ne6+ 55. Kd5 Nf4+ 56. Kc4 Ke4 57. Rg8 Ne6 58. Rg6 Kf5 59. Rg8 Bf4 60. Rh8 Ng5 61. Kd5 Nf3 62. Rf8+ Kg5 63. Ke4 Bxh2 64. Rg8+ Kh4 65. Kf5 Ne5 66. Rh8+ Kg3 67. Kxe5 Bg1 68. Ke4 Kf2 69. Rf8+ Kg2 70. Kf4 g3 71. Rg8 Bf2 72.
Kg4 Kf1 73. Kf3 Ke1 74. Rc8 Kd2 75. Rd8+ Kc3 76. Rg8 Kd4 77. Rg4+ Ke5 78. Rg5+ Kf6 79.
Rg4 Ke5 80. Rg8 Kf6 81. Kf4 Ke6 82. Rg6+ Kf7 83. Kf5 Ke7 84. Ke5 Kd7 85. Kd5 Ke7 86.
Ke5 Kd7 87. Rg4 Ke7 88. Rg7+ Kf8 89. Rg4 Kf7 90. Rg5 Ke7 91. Rg7+ Kf8 92. Rg4 Kf7 93.
Rf4+ Ke7 94. Rg4 Kf7 1/2-1/2

[Event "Early-Titled-Tuesday-Blitz-January-23-2024"]
[Site "Chess.com"]
[Date "2024.01.23"]
[Round "11"]
[White "viktorgen2021"]
[Black "Pliukha_Mikhail"]
[Result "0-1"]
[WhiteElo "2571"]
[BlackElo "2756"]
[TimeControl "180+1"]
[EndTime "10:09:48 PST"]
[Termination "Pliukha_Mikhail won by resignation"]

1. d4 Nf6 2. Nf3 e6 3. g3 b6 4. Bg2 Bb7 5. O-O Be7 6. c4 O-O 7. Nc3 Ne4 8. Qc2 Nxc3 9. Qxc3 Be4 10. Rd1 c6 11. Bf4 d5 12. Rac1 Nd7 13. Bf1 Rc8 14.
Nd2 Bg6 15. Bg2 a5 16. e4 Bb4 17. Qe3 Bxd2 18. Rxd2 dxe4 19. Bxe4 Bxe4 20. Qxe4 Nf6 21. Qf3 b5 22. Bg5 bxc4 23. Bxf6 Qxf6 24. Qxf6 gxf6 25.
Rxc4 Rfd8 26. Rdc2 Rd6 27. Kg2 Rcd8 28. Rxc6 Rxc6 29.
Rxc6 Rxd4 30. Rc5 Rd2 31. Rxa5 Rxb2 32. a4 Ra2 33. h3 Kg7 34. Ra7 f5 35. a5 e5 36. a6 e4 37. Ra8 e3 38. a7 Rxf2+ 39. Kg1 Ra2 40. Re8 Rxa7 41. Rxe3 Ra2 42. Rf3 Kg6 43.
Rb3 Re2 44. Kf1 Rh2 45. h4 Rc2 46. Rb7 f4 47. gxf4 Rc4 48. Kg2 Rxf4 49. Kg3 Rc4 50.
Rb6+ f6 51. Rb5 h5 52. Rb3 Rg4+ 53. Kh3 Re4 54. Kg3 Kf5 55. Rf3+ Ke5 56. Ra3 Rg4+ 57.
Kh3 Rd4 58. Kg3 f5 59. Re3+ Re4 60. Ra3 Rc4 61. Ra5+ Ke4 62. Ra8 Rc3+ 63. Kg2 Rc2+ 64.
Kh3 Rc3+ 65. Kg2 Kf4 66. Ra4+ Ke3 67. Ra5 Rc2+ 68. Kg1 Kf4 69. Ra4+ Kg3 70. Kf1 Rh2 71. Ra3+ Kxh4 72. Kg1 Rc2 73. Ra4+ Kg3 74. Ra3+ Kg4 75. Ra8 h4 76. Rg8+ Kf3 77. Rh8 Rc4 78. Kh2 f4 79. Ra8 Rc3 80. Ra2 Re3 81. Kh3 Rd3 82. Kxh4 Ke3 83.
Kg4 f3 84. Ra8 f2 85. Re8+ Kd2 86. Rf8 Ke2 87. Re8+ Re3 88. Rf8 f1=Q 89. Rxf1 Kxf1 90. Kf4 Ke2 91. Kg4 Rf3 92. Kh4 Ke3 93. Kg4 Ke4 0-1

[Event "Early-Titled-Tuesday-Blitz-January-23-2024"]
[Site "Chess.com"]
[Date "2024.01.23"]
[Round "11"]
[White "JeFumeDesClopes"]
[Black "KNVB"]
[Result "1-0"]
[WhiteElo "2562"]
[BlackElo "2739"]
[TimeControl "180+1"]
[EndTime "10:09:51 PST"]
[Termination "JeFumeDesClopes won by resignation"]

1. Nf3 b6 2. c4 Bb7 3. g3 Bxf3 4. exf3 c5 5. d4 cxd4 6. Qxd4 Nc6 7. Qd1 Rc8 8. Bg2 e6 9. O-O Nf6 10. Nc3 Be7 11. b3 O-O 12. Bb2 Qc7 13.
f4 a6 14. Rc1 Rfd8 15. Re1 Qb8 16. Qd2 d5 17. cxd5 Nb4 18. Qd4 Bc5 19. Qd2 Nbxd5 20. Nxd5 Nxd5 21. Qe2 Bb4 22. Red1 Rxc1 23. Rxc1 Bf8 24.
Qxa6 Nb4 25. Qc4 Nd3 26. Rb1 b5 27. Qc2 Nxb2 28. Qxb2 b4 29. h4 h5 30. Rc1 g6 31.
Bf3 Rd3 32. Qe2 Qd8 33. Rd1 Rxd1+ 34. Qxd1 Qb6 35. Qd7 Bc5 36. Qd2 Bd4 37. Kg2 Qc5 38. Qe2 Qc1 39. Be4 Kg7 40. Bd3 Qc6+ 41. Qe4 Qc3 42.
Bc4 Qb2 43. Qe2 Qa1 44. Qd2 Bc5 45. Qe2 Bd4 46. g4 hxg4 47. Qxg4 Qb2 48. Qg3 f6 49. h5 f5 50. Qxg6+ Kf8 51. Qg3 Qd2 52. Bxe6 Ke7 53.
Bc4 Bf6 54. Qe3+ Qxe3 55. fxe3 Bc3 56. Kf3 Kf6 57. e4 fxe4+ 58. Kxe4 Bb2 59. Be2 Ke6 60. h6 Kd6 61. Kf5 Ke7 62. Kg6 Bd4 63. Bc4 Bc3 64.
f5 Bd4 65. Kh7 Kf8 66. Kg6 Ke7 67. h7 Be5 68. Kg5 Bf6+ 69. Kg4 Kd6 70. Kf4 Kc5 71. Ke4 Bg7 72. Kd3 Bf6 73. Ke4 Bg7 74. f6 Bxf6 75.
Kf5 Bh8 76. Kg6 Kd6 77. Kf7 Be5 78. Kg8 Ke7 79. h8=Q Bxh8 80. Kxh8 Kf6 81. Kh7 Kf5 82. Kg7 Ke5 83. Kf7 Kd6 84. Kf6 Kc5 85. Ke5 Kc6 86. Kd4 Kb6 87. Kd5 Ka5 88. Bd3 Kb6 89. Kc4 Ka5 90. Bc2 Kb6 91. Kxb4 Ka6 92. a4 Kb6 93. Ka3 Ka5 94. b4+ Kb6 95. Kb3 Ka6 96. Kc4 Kb6 97. a5+ Ka6 98. Ba4 Ka7 99. b5 Kb7 100. Kc5 Ka7 101. Bc2 Kb8 102. Be4 Ka7 103. a6 Kb8 104. b6 Kc8 105.
a7 1-0

[Event "Early-Titled-Tuesday-Blitz-January-23-2024"]
[Site "Chess.com"]
[Date "2024.01.23"]
[Round "11"]
[White "RantomOpening"]
[Black "Goryachkina"]
[Result "1/2-1/2"]
[WhiteElo "2535"]
[BlackElo "2693"]
[TimeControl "180+1"]
[EndTime "10:10:05 PST"]
[Termination "Game drawn by repetition"]

1. e4 c5 2. c3 Nf6 3. e5 Nd5 4. Nf3 Nc6 5. d4 cxd4 6. cxd4 d6 7.
Bc4 Nb6 8. Bb5 dxe5 9. Nxe5 Bd7 10. Nxd7 Qxd7 11. Nc3 e6 12. O-O a6 13. Bxc6 Qxc6 14. Bf4 Be7 15. Rc1 O-O 16. Qg4 Rfc8 17. Bh6 Bf8 18.
h4 Kh8 19. Bf4 Nd5 20. Ne4 Qb5 21. Ng5 Qe8 22. Bd2 h6 23. Qh5 Kg8 24. Ne4 Rxc1 25. Rxc1 Rc8 26. Nc3 Qd7 27. Nxd5 Rxc1+ 28. Bxc1 Qxd5 29.
Qxd5 exd5 30. h5 g6 31. hxg6 fxg6 32. Kf1 Kf7 33. Ke2 h5 34. Bf4 Ke6 35. Be5 Kf5 36. Kd3 g5 37. Ke3 g4 38. f3 Bh6+ 39. Ke2 Bc1 40. b3 Bg5 41. Kf2 b5 42. a4 bxa4 43.
bxa4 Be7 44. Kg3 h4+ 45. Kf2 Bg5 46. fxg4+ Kxg4 47. Bg7 Bf4 48. Bf6 Bg3+ 49. Ke2 Kf4 50. Kd3 Bf2 51. Be5+ Kg4 52. Ke2 Bg3 53. Bg7 Bh2 54.
Kf2 Bd6 55. Ke2 Bc7 56. Kd3 Ba5 57. Be5 Be1 58. Ke2 Bb4 59. Bc7 Ba3 60. Kd3 Bb4 61. Kc2 Be1 62. Kd3 Bb4 63. Be5 Be1 64. Bh2 Bg3 65. Bg1 Bd6 66. Bf2 Bb4 67. Kc2 Ba5 68. Kb3 Bd2 69. Kc2 Bf4 70. Kc3 Bg3 71. Be3 Bd6 72. Kb3 Kg3 73. Bg5 Kg4 74. Be3 Be7 75. Bf2 Kf4 76. Kc3 Ke4 77. Be1 Bf6 78. Bf2 Bg5 79. Kb4 Bd2+ 80. Kb3 Be3 81. Bxh4 Bxd4 82. Be1 Bb6 83. Kb4 d4 84. Kc4 d3 85.
Bd2 Be3 86. Kc3 Bd4+ 87. Kc4 Be3 88. Kc3 Bd4+ 89. Kc4 Be3 1/2-1/2

[Event "Early-Titled-Tuesday-Blitz-January-23-2024"]
[Site "Chess.com"]
[Date "2024.01.23"]
[Round "11"]
[White "MusicCityMaster"]
[Black "Predator0608"]
[Result "1-0"]
[WhiteElo "2448"]
[BlackElo "2506"]
[TimeControl "180+1"]
[EndTime "10:10:07 PST"]
[Termination "MusicCityMaster won on time"]

1. d4 Nf6 2. c4 b6 3. Nf3 Bb7 4.
e3 d5 5. cxd5 Nxd5 6. Bd3 e6 7.
O-O Nd7 8. a3 Be7 9. e4 c5 10.
exd5 Bxd5 11. Nc3 Bb7 12. Bb5 O-O 13. Bxd7 Qxd7 14. dxc5 Qc6 15. cxb6 axb6 16. Be3 Ra5 17. Ne2 g5 18. Rc1 Qe4 19. Ng3 Qg6 20. Qd7 Bxf3 21.
Qxe7 Ba8 22. Rfd1 Rd5 23. Rxd5 Bxd5 24. Bd4 h5 25. Qf6 Kh7 26. Qxg6+ Kxg6 27. f3 b5 28. Ne4 Rd8 29. Bc3 f5 30. Nc5 Kf7 31. Kf2 Bc4 32. a4 Rc8 33. b4 bxa4 34. Nxa4 Bb5 35. Nc5 Re8 36. Ra1 e5 37. Ra7+ Kg6 38. Rb7 Bc4 39.
b5 Ra8 40. b6 Ra2+ 41. Ke1 Rc2 42. Bd2 Rb2 43. Bc1 Rc2 44. Kd1 Rxg2 45. Rc7 Be2+ 46. Ke1 Bxf3 47. b7 Bxb7 48. Nxb7 h4 49. Rc5 Rxh2 50. Rxe5 Rh1+ 51. Kd2 h3 52. Ba3 g4 53.
Bd6 g3 54. Re6+ Kg5 55. Bxg3 Rg1 56. Bd6 Rg2+ 57. Ke1 f4 58. Re8 h2 59. Rg8+ Kf5 60. Rh8 Rg1+ 61. Kf2 h1=Q 62. Rxh1 Rxh1 63. Nc5 Kg4 64.
Nd3 Rd1 65. Ke2 f3+ 66. Kxd1 Kf5 67. Ke1 Ke6 68. Bg3 Kd5 69. Kf2 Ke4 70. Ne1 Kd4 71. Nxf3+ Ke4 72. Ke2 Kd5 73. Ke3 Kc4 74. Be5 Kc5 75.
Ke4 Kc4 76. Bd4 Kb5 77. Kd5 Kb4 78. Nd2 Kb5 79. Bc3 Kb6 80. Nc4+ Kc7 81. Be5+ Kb7 82. Kc5 Ka6 83. Ne3 Kb7 84. Nd5 Ka6 85. Bc3 Kb7 86.
Bd2 Ka6 87. Kc6 1-0

[Event "Early-Titled-Tuesday-Blitz-January-23-2024"]
[Site "Chess.com"]
[Date "2024.01.23"]
[Round "11"]
[White "maciek_92"]
[Black "Sadykov_Ramil"]
[Result "1/2-1/2"]
[WhiteElo "2799"]
[BlackElo "2612"]
[TimeControl "180+1"]
[EndTime "10:10:16 PST"]
[Termination "Game drawn by repetition"]

1. e4 e5 2. Nf3 Nc6 3. Bb5 Nf6 4.
d3 d6 5. Nbd2 a6 6. Bxc6+ bxc6 7. Qe2 c5 8. Nc4 a5 9. Bg5 Be7 10. a4 Be6 11. Bxf6 Bxf6 12. b3 O-O 13. O-O g6 14. Nfd2 Bg7 15. Nb1 f5 16. Nc3 f4 17.
f3 g5 18. g4 fxg3 19. hxg3 Rf6 20. g4 h5 21. Ne3 h4 22. Nf5 Kh7 23. Nd5 Rf7 24.
Nde3 Kg6 25. Kg2 Bf6 26. Kh3 Qd7 27. Qd2 Rff8 28. Nc4 Bxc4 29. dxc4 Qe6 30. Qc3 Rfe8 31. Rad1 Rf8 32. Rd5 Rfd8 33. Rfd1 Rd7 34. Qa1 Rdd8 35. c3 Rab8 36. Rb1 Rb6 37. b4 cxb4 38. cxb4 Rxb4 39. Rxb4 axb4 40. a5 c6 41. Rd1 Qxc4 42. Qb2 Ra8 43. Nxd6 Qc3 44. Qxc3 bxc3 45. Rc1 Rxa5 46. Rxc3 c5 47.
Nb7 Ra7 48. Nxc5 Rc7 49. Na4 Rxc3 50. Nxc3 Kf7 51. Nd5 Bd8 52. Kg2 Ke6 53. Kf2 Kd6 54. Ke2 Kc5 55. Ne3 Kd6 56. Nd1 Bb6 57. Nc3 Ba5 58.
Nd5 Bd8 59. Ne3 Ke6 60. Nf5 Kf6 61. Nd6 Ke6 62. Nc4 Bc7 63. Nb2 Bb6 64. Nd3 Bd4 65.
Kf1 Bb6 66. Ke2 Bd8 67. Nf2 Kd6 68. Kd3 Bb6 69. Nh3 Bd8 70. Kc4 Kc6 71. Ng1 Be7 72.
Ne2 Bd8 73. Ng1 Be7 74. Nh3 Bd8 75. Kd3 Kc5 76. Nf2 Be7 77. Ke2 Kd6 78. Nh3 Ke6 79.
Kd3 Bd8 80. Kc4 Kd6 81. Kb5 Be7 82. Kb6 Bd8+ 83. Kb7 Kd7 84. Nf2 Be7 85. Kb6 Kd6 86. Nd3 Bf6 87. Kb7 Kd7 88. Nf2 Be7 89. Kb6 Kd6 90. Kb5 Kd7 91. Nh3 Kc7 92. Kc4 Kd6 93.
Kd3 Kc5 94. Kc3 Kd6 95. Kd3 Kc6 96. Kc3 Bd8 97. Kd3 Be7 98. Kc4 Bd8 1/2-1/2

[Event "Early-Titled-Tuesday-Blitz-January-23-2024"]
[Site "Chess.com"]
[Date "2024.01.23"]
[Round "11"]
[White "Titus369"]
[Black "HeroWilczek"]
[Result "1/2-1/2"]
[WhiteElo "2658"]
[BlackElo "2474"]
[TimeControl "180+1"]
[EndTime "10:10:19 PST"]
[Termination "Game drawn - insufficient material"]

1. e4 e6 2. d4 d5 3. Nd2 c5 4.
Ngf3 cxd4 5. exd5 Qxd5 6. Bc4 Qd6 7. O-O Nf6 8. Nb3 Nc6 9. Nbxd4 Nxd4 10. Nxd4 a6 11.
a4 Qc7 12. Qe2 Bd6 13. h3 O-O 14. Bg5 Bh2+ 15. Kh1 Be5 16. Rad1 h6 17. Be3 b6 18. f4 Bd6 19. Bd3 Bb7 20. Nf3 Bxf4 21. Bxf4 Qxf4 22. Ne5 Qg3 23. Kg1 Bxg2 24. Qxg2 Qxe5 25. Kh1 Rad8 26. Rde1 Qd5 27. Bxa6 Qxg2+ 28. Kxg2 Rd2+ 29. Rf2 Rfd8 30. Bd3 Rxf2+ 31. Kxf2 Nd5 32. Re4 Kf8 33. b4 Nc3 34. Rc4 Nxa4 35. Rc7 Rd4 36. b5 Nc5 37. Be2 Rd6 38.
Ke3 g6 39. Kf4 Kg7 40. Rc6 Nb7 41. Rc7 Na5 42. c4 Kf6 43. Ke3 Nb3 44. Bf3 Nc5 45.
Bc6 h5 46. Be8 Ke5 47. Bxf7 Rd3+ 48. Ke2 Rc3 49. Bxg6 Rxc4 50. Bxh5 Rb4 51. Be8 Ne4 52. h4 Nd6 53. Bg6 Rxh4 54. Rc6 Nxb5 55. Rxb6 Nd4+ 56. Kd3 Rh3+ 57. Kc4 Nf5 58. Rb5+ Kf4 59. Bxf5 exf5 60. Kd4 Rh1 61. Kd3 Rd1+ 62. Ke2 Rd4 63. Rb3 Ra4 64. Kf2 Ke4 65. Re3+ Kd4 66. Rh3 f4 67. Rh8 Ke4 68.
Re8+ Kf5 69. Rf8+ Ke5 70. Re8+ Kd4 71. Kf3 Kc3 72. Re5 Kb2 73. Re2+ Kb3 74. Re1 Kc2 75. Rf1 Kd2 76. Rf2+ Kd3 77. Rb2 Rc4 78. Rb8 Kc3 79. Rd8 Kb3 80. Rd1 Kc3 81. Rc1+ Kb3 82. Rh1 Kc3 83. Rh7 Kb3 84. Re7 Kc3 85. Re8 Kb3 86. Ra8 Kc3 87. Rb8 Kd4 88. Rd8+ Kc5 89. Rd7 Kc6 90.
Rf7 Kc5 91. Rf6 Kb5 92. Re6 Kc5 93. Re1 Kb5 94. Rb1+ Kc5 95. Rh1 Kb4 96. Rh5 Kc3 97. Re5 Kb4 98. Re1 Kc5 99. Re8 Kb4 100. Ra8 Kc5 101. Rb8 Kd5 102. Rd8+ Kc5 103. Rc8+ Kb5 104. Re8 Kc5 105. Re5+ Kb4 106. Rf5 Kb3 107. Rxf4 Rxf4+ 108. Kxf4 1/2-1/2